AoeStats
← bleakshadow

African Clearing

505006047Analyzed
4v4 RM · 26d ago on Sep 7, 2026· 34m 56s· 8 players
Game mode
Random Map
Map size
Large (8 player)
Population
200
Speed
Normal
Resources
Standard
Victory
Conquest
Starting age
Dark Age
Ending age
Imperial Age
RankedLock teamsTeams togetherTeam positionsShared explorationLock speedFull tech treeHidden civsTurbo modeCheats
Victory
Defeat
🇨🇳 Inca · China
1406
+14
🇨🇳 Gurjaras · China
1370
+15
🇹🇼 Celts · Taiwan
1337
+16
🇨🇳 Magyars · China
1301
+17
🇳🇱 Khmer · Netherlands
1389
-17
🇺🇸 Mongols · United States
1386
-17
🇩🇪 Tupi · Germany
1316
-14
1300
-14
西巴老嘛
4:04 Loom
14:54 Feudal Age
17:13 Bloodlines
24:25 Wheelbarrow
25:39 Scale Barding Armor
31:43 Castle Age
30:03 Gold Mining
32:56 Husbandry
33:21 Chain Barding Armor
34:37 Gold Shaft Mining
33:50 Horse Collar
白佲
3:17 Loom
11:48 Feudal Age
14:49 Fletching
18:30 Double-Bit Axe
20:08 Padded Archer Armor
23:59 Castle Age
22:16 Horse Collar
22:30 Gold Mining
24:02 Crossbowman
24:39 Bodkin Arrow
29:46 Champi Runner
bleakshadow
6:07 Loom
13:17 Feudal Age
14:10 Double-Bit Axe
18:03 Fletching
24:42 Wheelbarrow
24:03 Stone Mining
28:00 Castle Age
27:22 Scale Barding Armor
28:40 Bloodlines
29:30 Bodkin Arrow
32:38 Town Watch
32:59 Gold Mining
34:19 Herbal Medicine
Shou
13:44 Feudal Age
13:40 Loom
14:22 Double-Bit Axe
17:39 Castle Age
15:21 Horse Collar
18:44 Bow Saw
18:36 Heavy Plow
22:09 Wheelbarrow
25:33 Hand Cart
26:51 Town Watch
27:33 Stone Mining
27:33 Gold Mining
29:57 Scale Mail Armor
30:07 Forging
32:53 Imperial Age
31:10 Gold Shaft Mining
31:10 Stone Shaft Mining
31:17 Stone Shaft Mining
31:16 Treadmill Crane
31:46 Masonry
31:52 Chain Mail Armor
32:13 Iron Casting
32:54 Elite Woad Raider
34:07 Plate Mail Armor
32:58 Capped Ram
34:24 Conscription
35:05 Blast Furnace
33:53 Arson
34:22 Siege Ram
freedom is not free
2:45 Double-Bit Axe
5:08 Loom
12:22 Feudal Age
13:16 Bow Saw
18:49 Castle Age
17:01 Horse Collar
20:34 Heavy Plow
23:57 Wheelbarrow
24:29 Town Watch
26:18 Two-Man Saw
25:18 Gold Mining
26:08 Stone Mining
27:21 Hand Cart
33:32 Imperial Age
32:43 Crop Rotation
32:36 Scale Barding Armor
32:41 Forging
33:10 Masonry
32:41 Treadmill Crane
33:04 Husbandry
32:25 Cavalier
34:08 Chain Barding Armor
33:55 Murder Holes
34:45 Conscription
DUDA
7:41 Loom
11:57 Feudal Age
15:23 Double-Bit Axe
18:20 Bloodlines
18:30 Horse Collar
27:56 Castle Age
Creed
14:11 Feudal Age
21:06 Fletching
27:28 Castle Age
27:30 Elite Skirmisher
Joe
6:01 Loom
11:19 Feudal Age
13:55 Scale Barding Armor
18:08 Forging
26:51 Castle Age
25:19 Bloodlines
26:58 Light Cavalry
30:01 Double-Bit Axe
31:47 Wheelbarrow
31:17 Horse Collar
32:33 Chain Barding Armor
34:58 Husbandry
Connection lost

Rejoining the realm…

Still unreachable

The connection could not be restored.

Session expired

The server has moved on; the page needs a fresh start.